PCL
OMAHA STORM CHASERS @ OKLAHOMA CITY DODGERS
07/13/2104
 
TOP OF THE 1ST
Omaha Storm Chasers batting - Pitching for Oklahoma City Dodgers : RHP Nick Laramie
Pitching: RHP Nick Laramie
Batting: RHB Jamie Griffin 0-0: Called Strike
0-1: Ground out 1-3 (Groundball, P, EV 72.5 MPH)
Batting: RHB Troy Nunley 0-0: Ball
1-0: Ground out 6-3 (Groundball, 6, EV 100.0 MPH)
Batting: LHB Billy Stanley 0-0: Ball
1-0: Foul Ball, location: 5F
1-1: Called Strike
1-2: Foul Ball, location: 3F
1-2: Ball
2-2: Foul Ball, location: 2F
2-2: Ball
3-2: Base on Balls
Batting: LHB Dave Hembree 0-0: Ball
1-0: Ball
2-0: Ground out 4-3 (Groundball, 34, EV 91.9 MPH)
Top of the 1st over - 0 runs, 0 hits, 0 errors, 1 left on base; Omaha 0 - Oklahoma City 0
BOTTOM OF THE 1ST
Oklahoma City Dodgers batting - Pitching for Omaha Storm Chasers : RHP David Sonnenberg
Pitching: RHP David Sonnenberg
Batting: RHB Matt Schoen 0-0: Called Strike
0-1: Ball
1-1: Ball
2-1: Foul Ball, location: 2F
2-2: Fly out, F9 (Flyball, 9, EV 96.3 MPH)
Batting: LHB Bob Stuhr 0-0: Called Strike
0-1: Foul Ball, location: 2F
0-2: Strikes out looking
Batting: RHB Victor Salinas 0-0: Called Strike
0-1: Ball
1-1: Swinging Strike
1-2: Strikes out swinging
Bottom of the 1st over - 0 runs, 0 hits, 0 errors, 0 left on base; Omaha 0 - Oklahoma City 0
TOP OF THE 2ND
Omaha Storm Chasers batting - Pitching for Oklahoma City Dodgers : RHP Nick Laramie
Batting: RHB Paul Hickmott 0-0: SINGLE (Line Drive, 7S, EV 87.5 MPH)
Batting: LHB Manny Gallegos 0-0: Ball
1-0: Swinging Strike
Paul Hickmott is caught stealing 2nd base 2-6
1-1: Called Strike
1-2: Ball
2-2: Strikes out swinging
Batting: RHB Juan Angulo 0-0: Swinging Strike
0-1: Ball
1-1: Ball
2-1: Called Strike
2-2: Strikes out swinging
Top of the 2nd over - 0 runs, 1 hit, 0 errors, 0 left on base; Omaha 0 - Oklahoma City 0
BOTTOM OF THE 2ND
Oklahoma City Dodgers batting - Pitching for Omaha Storm Chasers : RHP David Sonnenberg
Batting: LHB Roy Lazzaro 0-0: SINGLE (Line Drive, 8LS, EV 102.5 MPH)
Batting: RHB Jay Ford 0-0: Grounds into double play, 6-4-3 (Groundball, 56, EV 85.6 MPH)
Batting: LHB Ryan Pavone 0-0: Called Strike
0-1: Fly out, F5 (Popup, 25, EV 88.1 MPH)
Bottom of the 2nd over - 0 runs, 1 hit, 0 errors, 0 left on base; Omaha 0 - Oklahoma City 0
TOP OF THE 3RD
Omaha Storm Chasers batting - Pitching for Oklahoma City Dodgers : RHP Nick Laramie
Batting: RHB Luke Tromp 0-0: Ball
1-0: SINGLE (Line Drive, 4MD, EV 95.6 MPH)
Batting: RHB Cody Bell 0-0: Bunt missed!
0-1: Sac Bunt to 5S - play at first, batter OUT! 5-3
Luke Tromp to second
Batting: RHB Jamie Griffin 0-0: Foul Ball, location: 2F
0-1: Ball
1-1: Fly out, F8 (Flyball, 8RS, EV 81.3 MPH)
Batting: RHB Troy Nunley 0-0: Ball
1-0: Called Strike
1-1: Ground out 6-3 (Groundball, 6S, EV 81.3 MPH)
Top of the 3rd over - 0 runs, 1 hit, 0 errors, 1 left on base; Omaha 0 - Oklahoma City 0
BOTTOM OF THE 3RD
Oklahoma City Dodgers batting - Pitching for Omaha Storm Chasers : RHP David Sonnenberg
Batting: RHB Bobby Flores 0-0: Called Strike
0-1: Ball
1-1: DOUBLE (Groundball, 5L, EV 110.6 MPH)
Batting: RHB Brad McGuire 0-0: Ball
1-0: Foul Ball, location: 5FF
1-1: Foul Ball, location: 23F
1-2: Strikes out swinging
Batting: RHB Adam Dietz 0-0: Ball
1-0: Foul Ball, location: 9LMF
1-1: Called Strike
1-2: SINGLE (Line Drive, 9LS, EV 98.8 MPH)
Bobby Flores to third
Batting: RHB Matt Schoen 0-0: Called Strike
0-1: Ball
1-1: SINGLE (Groundball, P, EV 80.0 MPH) (infield hit)
Bobby Flores scores
Adam Dietz to second
Batting: LHB Bob Stuhr 0-0: Ball
1-0: Called Strike
1-1: Fly out, F6 (Popup, 6, EV 56.3 MPH)
Batting: RHB Victor Salinas 0-0: Ball
1-0: Ball
2-0: Ball
3-0: Base on Balls
Adam Dietz to third
Matt Schoen to second
Batting: LHB Roy Lazzaro 0-0: Fly out, F8 (Flyball, 78XD, EV 91.3 MPH)
Bottom of the 3rd over - 1 run, 3 hits, 0 errors, 3 left on base; Omaha 0 - Oklahoma City 1
TOP OF THE 4TH
Omaha Storm Chasers batting - Pitching for Oklahoma City Dodgers : RHP Nick Laramie
Batting: LHB Billy Stanley 0-0: Ball
1-0: Ball
2-0: Ball
3-0: Called Strike
3-1: Called Strike
3-2: SOLO HOME RUN (Flyball, 7D, EV 98.1 MPH), Distance : 358 ft
Batting: LHB Dave Hembree 0-0: Ball
1-0: Ball
2-0: Foul Ball, location: 2F
2-1: Called Strike
2-2: Ball
3-2: SINGLE (Line Drive, 8LS, EV 100.0 MPH)
Batting: RHB Paul Hickmott 0-0: Ball
1-0: Called Strike
1-1: Grounds into double play, 6-4-3 (Groundball, 6, EV 105.6 MPH)
Batting: LHB Manny Gallegos 0-0: Called Strike
0-1: Ball
1-1: Ball
2-1: Swinging Strike
2-2: Ball
3-2: Base on Balls
Batting: RHB Juan Angulo 0-0: Swinging Strike
0-1: Foul Ball, location: 5F
0-2: Ball
1-2: Ball
2-2: Ground out 5-3 (Groundball, 56S, EV 77.5 MPH)
Top of the 4th over - 1 run, 2 hits, 0 errors, 1 left on base; Omaha 1 - Oklahoma City 1
BOTTOM OF THE 4TH
Oklahoma City Dodgers batting - Pitching for Omaha Storm Chasers : RHP David Sonnenberg
Batting: RHB Jay Ford 0-0: Foul Ball, location: 2F
0-1: Ball
1-1: Ground out 5-3 (Groundball, 56, EV 91.3 MPH)
Batting: LHB Ryan Pavone 0-0: Ball
1-0: Foul Ball, location: 5F
1-1: SINGLE (Line Drive, 7LM, EV 99.4 MPH)
Batting: RHB Bobby Flores 0-0: Ball
1-0: Ball
2-0: Called Strike
2-1: Called Strike
2-2: Fly out, F7 (Flyball, 78S, EV 90.6 MPH)
Batting: RHB Brad McGuire 0-0: Ball
1-0: Foul Ball, location: 2F
1-1: Foul Ball, location: 3FF
1-2: Ball
2-2: Strikes out swinging
Bottom of the 4th over - 0 runs, 1 hit, 0 errors, 1 left on base; Omaha 1 - Oklahoma City 1
TOP OF THE 5TH
Omaha Storm Chasers batting - Pitching for Oklahoma City Dodgers : RHP Nick Laramie
Batting: RHB Luke Tromp 0-0: Called Strike
0-1: Ball
1-1: Foul Ball, location: 9LDF
1-2: Strikes out looking
Batting: RHB Cody Bell 0-0: Ground out 3-1 (Groundball, 34, EV 91.9 MPH)
Batting: RHB Jamie Griffin 0-0: Called Strike
0-1: Ball
1-1: Called Strike
1-2: Ball
2-2: Foul Ball, location: 2F
2-2: SOLO HOME RUN (Flyball, 7D, EV 97.5 MPH), Distance : 368 ft
Batting: RHB Troy Nunley 0-0: Called Strike
0-1: Ground out 6-3 (Groundball, 6, EV 86.9 MPH)
Top of the 5th over - 1 run, 1 hit, 0 errors, 0 left on base; Omaha 2 - Oklahoma City 1
BOTTOM OF THE 5TH
Oklahoma City Dodgers batting - Pitching for Omaha Storm Chasers : RHP David Sonnenberg
Batting: RHB Adam Dietz 0-0: Foul Ball, location: 23F
0-1: Foul Ball, location: 2F
0-2: Ball
1-2: Ball
2-2: Strikes out swinging
Batting: RHB Matt Schoen 0-0: Ball
1-0: Called Strike
1-1: Foul Ball, location: 3SF
1-2: Ball
2-2: Strikes out swinging
Batting: LHB Bob Stuhr 0-0: Called Strike
0-1: Ball
1-1: Ball
2-1: Called Strike
2-2: Ball
3-2: Base on Balls
Batting: RHB Victor Salinas 0-0: Ball
Bob Stuhr steals 2nd base
1-0: Ball
2-0: Ball
3-0: Base on Balls
Batting: LHB Roy Lazzaro 0-0: Swinging Strike
0-1: Called Strike
0-2: Strikes out swinging
Bottom of the 5th over - 0 runs, 0 hits, 0 errors, 2 left on base; Omaha 2 - Oklahoma City 1
TOP OF THE 6TH
Omaha Storm Chasers batting - Pitching for Oklahoma City Dodgers : RHP Nick Laramie
Batting: LHB Billy Stanley 0-0: Called Strike
0-1: Ball
1-1: Ball
2-1: Ball
3-1: Foul Ball, location: 2F
3-2: Base on Balls
Batting: LHB Dave Hembree 0-0: Ball
1-0: Called Strike
1-1: Foul Ball, location: 2F
1-2: Foul Ball, location: 2LF
1-2: Ball
2-2: Strikes out swinging
Batting: RHB Paul Hickmott 0-0: Ball
1-0: Foul Ball, location: 3FF
1-1: SINGLE (Line Drive, 78S, EV 85.6 MPH)
Billy Stanley to second
Batting: LHB Manny Gallegos 0-0: Ball
1-0: Called Strike
1-1: Swinging Strike
1-2: Foul Ball, location: 25F
1-2: Strikes out looking
Batting: RHB Juan Angulo 0-0: SINGLE (Line Drive, 8LS, EV 95.6 MPH)
Billy Stanley to third
Paul Hickmott to second
Runner from 3rd tries for Home, SAFE, throw by CF to home
Batting: RHB Luke Tromp Balk!
Paul Hickmott to third
Juan Angulo to second
0-0: Ball
1-0: Swinging Strike
1-1: 3-RUN HOME RUN (Flyball, 78XD, EV 103.1 MPH), Distance : 402 ft
Pitching: RHP Jorge Villalona
Batting: RHB Cody Bell 0-0: SINGLE (Groundball, 4D, EV 107.5 MPH)
Batting: RHB Jamie Griffin 0-0: Called Strike
0-1: Called Strike
0-2: Ball
1-2: SINGLE (Line Drive, 3D, EV 95.0 MPH)
Cody Bell to second
Runner from 2nd tries for 3rd, SAFE, throw by RF made to third
Batting: RHB Troy Nunley 0-0: Ball
1-0: Ball
2-0: Ball
3-0: Fielders Choice at 2nd, 6-4 (Groundball, 6, EV 78.1 MPH)
Top of the 6th over - 4 runs, 5 hits, 0 errors, 2 left on base; Omaha 6 - Oklahoma City 1
BOTTOM OF THE 6TH
Oklahoma City Dodgers batting - Pitching for Omaha Storm Chasers : RHP David Sonnenberg
Batting: RHB Jay Ford 0-0: Called Strike
0-1: Called Strike
0-2: Ball
1-2: Ball
2-2: Ground out 6-3 (Groundball, 6, EV 90.6 MPH)
Batting: LHB Ryan Pavone 0-0: Foul Ball, location: 25FF
0-1: Foul Ball, location: 7LSF
0-2: Strikes out swinging
Batting: RHB Bobby Flores 0-0: Called Strike
0-1: Fly out, F8 (Flyball, 8RXD, EV 93.1 MPH)
Bottom of the 6th over - 0 runs, 0 hits, 0 errors, 0 left on base; Omaha 6 - Oklahoma City 1
TOP OF THE 7TH
Omaha Storm Chasers batting - Pitching for Oklahoma City Dodgers : RHP Jorge Villalona
Batting: LHB Billy Stanley 0-0: Ball
1-0: Foul Ball, location: 9LMF
1-1: Ball
2-1: Ball
3-1: Foul Ball, location: 2F
3-2: Fly out, F6 (Popup, 15S, EV 86.9 MPH)
Batting: LHB Dave Hembree 0-0: Ball
1-0: Swinging Strike
1-1: Ground out 6-3 (Groundball, 6, EV 92.5 MPH)
Batting: RHB Paul Hickmott 0-0: Ball
1-0: Called Strike
1-1: Foul Ball, location: 2F
1-2: Ball
2-2: Fly out, F8 (Flyball, 8LXD, EV 108.1 MPH)
Top of the 7th over - 0 runs, 0 hits, 0 errors, 0 left on base; Omaha 6 - Oklahoma City 1
BOTTOM OF THE 7TH
Oklahoma City Dodgers batting - Pitching for Omaha Storm Chasers : RHP David Sonnenberg
Batting: RHB Brad McGuire 0-0: Ball
1-0: Called Strike
1-1: Swinging Strike
1-2: Strikes out swinging
Batting: RHB Adam Dietz 0-0: Ball
1-0: Ground out 5-3 (Groundball, 56, EV 100.6 MPH)
Batting: RHB Matt Schoen 0-0: Foul Ball, location: 2F
0-1: Ground out 6-3 (Groundball, 6M, EV 84.4 MPH)
Bottom of the 7th over - 0 runs, 0 hits, 0 errors, 0 left on base; Omaha 6 - Oklahoma City 1
TOP OF THE 8TH
Omaha Storm Chasers batting - Pitching for Oklahoma City Dodgers : RHP Jorge Villalona
Batting: LHB Manny Gallegos 0-0: Fly out, F8 (Flyball, 8RS, EV 81.3 MPH)
Batting: RHB Juan Angulo 0-0: Called Strike
0-1: Foul Ball, location: 2F
0-2: Foul Ball, location: 3F
0-2: Strikes out swinging
Batting: RHB Luke Tromp 0-0: Called Strike
0-1: Called Strike
0-2: Fly out, F9 (Line Drive, 9, EV 98.1 MPH)
Top of the 8th over - 0 runs, 0 hits, 0 errors, 0 left on base; Omaha 6 - Oklahoma City 1
BOTTOM OF THE 8TH
Oklahoma City Dodgers batting - Pitching for Omaha Storm Chasers : RHP David Sonnenberg
Batting: LHB Bob Stuhr 0-0: Called Strike
0-1: Ball
1-1: Foul Ball, location: 3F
1-2: Ball
2-2: Foul Ball, location: 3F
2-2: Foul Ball, location: 7LMF
2-2: Ball
3-2: Strikes out swinging
Batting: RHB Victor Salinas 0-0: SINGLE (Line Drive, 89S, EV 94.4 MPH)
Pitching: RHP Matt Woods
Batting: LHB Roy Lazzaro 0-0: Called Strike
0-1: Foul Ball, location: 3DF
0-2: Strikes out swinging
Pinch Hitting: LHB Morgan Fiore 0-0: Fly out, F9 (Line Drive, 9, EV 95.6 MPH)
Bottom of the 8th over - 0 runs, 1 hit, 0 errors, 1 left on base; Omaha 6 - Oklahoma City 1
TOP OF THE 9TH
Omaha Storm Chasers batting - Pitching for Oklahoma City Dodgers : RHP Jorge Villalona
Now at 3B: Mike Bedard
Batting: RHB Cody Bell 0-0: Ball
1-0: Foul Ball, location: 3DF
1-1: Swinging Strike
1-2: Foul Ball, location: 3FF
1-2: Strikes out swinging
Batting: RHB Jamie Griffin 0-0: Ball
1-0: Swinging Strike
1-1: Swinging Strike
1-2: Ground out 6-3 (Groundball, 4MS, EV 71.3 MPH)
Batting: RHB Troy Nunley 0-0: Called Strike
0-1: Ball
1-1: Foul Ball, location: 9LDF
1-2: Strikes out swinging
Top of the 9th over - 0 runs, 0 hits, 0 errors, 0 left on base; Omaha 6 - Oklahoma City 1
BOTTOM OF THE 9TH
Oklahoma City Dodgers batting - Pitching for Omaha Storm Chasers : RHP Matt Woods
Batting: LHB Ryan Pavone 0-0: Ground out 1-3 (Groundball, 13S, EV 71.3 MPH)
Batting: RHB Bobby Flores 0-0: Ground out 6-3 (Groundball, 6S, EV 76.3 MPH)
Pinch Hitting: LHB Daniel Cipolla 0-0: Foul Ball, location: 3F
0-1: Ball
1-1: Called Strike
1-2: Ball
2-2: Strikes out swinging
Bottom of the 9th over - 0 runs, 0 hits, 0 errors, 0 left on base; Omaha 6 - Oklahoma City 1
Sunday, November 3rd , 2024 - OOTP Baseball 25.10 Build 95